 Dungeon Crawl Stone Soup version 0.29.1-1-gd02db6906a (console) character file.

Game seed: 14359107636569032033

561 shmup the Ruffian (level 7, -2/52 HPs)
             Began as a Yellow Draconian Transmuter on Sept 17, 2022.
             Was a Believer of Nemelex Xobeh.
             Slain by an orc warrior
             ... wielding a +0 halberd
              (11 damage)
             ... on level 6 of the Dungeon.
             The game lasted 00:26:30 (4967 turns).

shmup the Ruffian (Yellow Draconian Transmuter)     Turns: 4967, Time: 00:26:30

Health: -2/52      AC:  7    Str: 13    XL:     7   Next: 9%
Magic:  10/10      EV: 12    Int: 15    God:    Nemelex Xobeh [**....]
Gold:   167        SH:  0    Dex: 11    Spells: 4/10 levels left

rFire   . . .      SeeInvis +     - Unarmed
rCold   . . .      Faith    .   (no shield)
rNeg    . . .      Spirit   .   (body armour unavailable)
rPois   .          Reflect  .   (helmet restricted)
rElec   .          Harm     .   l - +0 cloak
rCorr   +          Rampage  .   (no gloves)
Will    .....                   (no boots)
Stlth   +.........              (no amulet)
HPRegen 0.17/turn               f - ring of flight
MPRegen 0.12/turn               r - ring of see invisible

@: wereblooded, flying
A: spit acid, AC +6, unfitting armour, cold-blooded, acid resistance
a: Breathe Acid, Renounce Religion, Draw Escape, Draw Destruction, Draw
Summoning


You were on level 6 of the Dungeon.
You worshipped Nemelex Xobeh.
Nemelex Xobeh was pleased with you.
You visited 1 branch of the dungeon, and saw 6 of its levels.

You collected 291 gold pieces.
You spent 124 gold pieces at shops.

Inventory:

Hand Weapons
 e - a +1 dagger of pain
 s - the +10 dark maul {vorpal}
   (You found it on level 4 of the Dungeon)

   It inflicts extra damage upon your enemies.
Missiles
 b - 8 stones (quivered)
 m - 2 poisoned darts
 o - 3 boomerangs
Armour
 l - a +0 cloak (worn)
Jewellery
 f - a ring of flight (left hand)
 p - a ring of ice
 r - a ring of see invisible (right hand)
Wands
 q - a wand of flame (17)
Scrolls
 j - a scroll of teleportation
 k - 2 scrolls of identify
 n - a scroll of amnesia
 t - a scroll of fog {unknown}
 u - 2 scrolls of vulnerability {unknown}
 v - a scroll of magic mapping {unknown}
 w - a scroll of enchant weapon {unknown}
Potions
 a - a potion of lignification
 c - 3 potions of attraction
 d - 3 potions of might
 g - 2 potions of invisibility
 h - a potion of brilliance
 i - 3 potions of curing


   Skills:
 - Level 1.4 Fighting
 - Level 1.9 Dodging
 + Level 6.1 Unarmed Combat
 - Level 2.1 Spellcasting
 - Level 5.0 Transmutations
 - Level 2.0 Invocations


You had 4 spell levels left.
You knew the following spells:

 Your Spells              Type           Power      Damage    Failure   Level
a - Beastly Appendage     Tmut           32%        N/A       2%          1
b - Wereblood             Tmut           16%        N/A       4%          2
c - Spider Form           Tmut/Pois      9%         N/A       24%         3

Your spell library contained the following spells:

 Spells                   Type           Power      Damage    Failure   Level
 Gell's Gravitas          Tloc           1%         N/A       54%         3
 Teleport Other           Tloc           1%         N/A       54%         3
 Ice Form                 Ice/Tmut       9%         N/A       61%         4
 Animate Dead             Necr           1%         N/A       91%         4
 Borgnjor's Vile Clutch   Necr/Erth      0%         N/A       99%         5
 Death Channel            Necr           0%         N/A       100%        6
 Dispersal                Tloc           0%         N/A       100%        6


Dungeon Overview and Level Annotations

Branches:
Dungeon (6/15)             Temple (0/1) D:5

Altars:
Nemelex Xobeh
Okawaru
Qazlal
Uskayaw
Wu Jian
Zin

Shops:
D:2 *=[[?

Portals:
Abyss: D:5

Annotations:
D:3 exclusion: 3 downstairs
D:4 1 exclusion, Edmund
D:5 1 transporter, Orc warrior maybe, turdburglar's ghost, novice TrGl


Innate Abilities, Weirdness & Mutations

You can spit globs of acid.
Your golden yellow scales are hard. (AC +6)
You cannot fit into any form of body armour.
You are cold-blooded and may be slowed by cold attacks.
You are resistant to acid. (rCorr)


Message History

Unknown command.
Unknown command.
You see here a bullfrog corpse.
Found 15 gold pieces.
You howl as the wereblood boils in your veins!
Your primal bloodlust is almost over.
You howl as the wereblood boils in your veins!
You howl as the wereblood boils in your veins!
Your primal bloodlust has ended.
You now have 167 gold pieces (gained 15).
Found a dagger.
You see here a +0 dagger.
An orc warrior and an orc come into view.
Press: ? - help, v - describe, . - travel
Here: an orc warrior, wielding a +0 halberd and wearing a +0 chain mail The floor.
Unknown command.
Cast which spell? (? or * to list)
Your blood is infused with primal strength.
The orc warrior barely misses you.
The orc warrior hits you from afar with a +0 halberd!
The orc warrior closely misses you.
You barely miss the orc warrior.
The orc warrior hits you with a +0 halberd!
* * * LOW HITPOINT WARNING * * *
You hit the orc warrior. Your punch misses the orc warrior.
The orc warrior is lightly wounded.
The orc warrior hits you with a +0 halberd!
* * * LOW HITPOINT WARNING * * *
Okay, then.
You draw a card...
You have drawn Wild Magic.
The orc warrior looks rather nauseous for a moment.
The orc warrior is poisoned.
You feel a surge of magic.
You feel your power returning.
The orc warrior hits you with a +0 halberd!
* * * LOW HITPOINT WARNING * * *
Okay, then.
You draw a card...
You have drawn Wild Magic.
Flames sear the orc warrior.
You feel a surge of magic.
The orc warrior hits you with a +0 halberd!
You die...
Your body glows slightly and disappears.

........ .........
..P..P....
........▒...........
..........P......P..
...................
..................
▒......P......P.. .
▒▒▒..............▒
...▒▒▒▒▒.........P..P....
........d................
▒......o▒▒.....).....▒...
▒▒.....▒▒▒.....▒▒▒▒..▒...
▒..▒▒. ▒....▒▒ ▒▒.....
▒.. ▒. ▒....▒ ▒▒▒... ..
.. ▒....▒ ▒▒... .. ▒....▒
▒.... o▒▒ ▒..... ▒.... ▒
▒..... ...... .....
....... ........


You could see an orc warrior (poisoned).

Vanquished Creatures
  An ice beast (D:5)
  A bullfrog (D:6)
  A hound (D:5)
  4 gnolls (D:4)
  10 adders
  2 worms
  3 dart slugs
  2 orcs (D:5)
  5 ball pythons
  8 endoplasms
  2 giant cockroaches
  9 goblins
  10 hobgoblins
  2 jackals (D:1)
  A quokka (D:3)
  9 bats
  A frilled lizard (D:1)
  9 kobolds
  4 rats
84 creatures vanquished.

Vanquished Creatures (collateral kills)
  An orc warrior (D:5)
  A gnoll bouda (D:5)
  3 gnolls (D:5)
5 creatures vanquished.

Grand Total: 89 creatures vanquished

Notes
Turn   | Place    | Note
-------+----------+-------------------------------------------
     0 | D:1      | shmup the Draconian Transmuter began the quest for the Orb.
     0 | D:1      | Reached XP level 1. HP: 16/16 MP: 3/3
   127 | D:1      | Reached XP level 2. HP: 23/23 MP: 5/5
   311 | D:1      | Reached XP level 3. HP: 16/28 MP: 4/6
   639 | D:2      | Reached skill level 4 in Unarmed Combat
   852 | D:2      | Found Soiraony's Jewellery Boutique.
   953 | D:2      | Found Xuonny's General Store.
   962 | D:2      | Bought a scroll of teleportation for 33 gold pieces
  1049 | D:2      | Reached XP level 4. HP: 33/35 MP: 5/7
  1276 | D:2      | Found Liatred's Armour Shop.
  1414 | D:2      | Found Buqoemn's Antique Armour Shop.
  1596 | D:2      | Reached skill level 5 in Unarmed Combat
  1762 | D:2      | Found Sauheng's Magic Scroll Shop.
  1768 | D:2      | Bought a scroll of teleportation for 39 gold pieces
  1768 | D:2      | Bought a scroll of identify for 26 gold pieces
  1768 | D:2      | Bought a scroll of identify for 26 gold pieces
  1944 | D:3      | Found a faded altar of an unknown god.
  2017 | D:3      | Found an ornate altar of the Wu Jian Council.
  2018 | D:3      | Found a sparkling altar of Nemelex Xobeh.
  2021 | D:3      | Found a stormy altar of Qazlal.
  2030 | D:3      | Became a worshipper of Nemelex Xobeh the Trickster
  2462 | D:3      | Reached * piety under Nemelex Xobeh
  2490 | D:3      | Reached XP level 5. HP: 40/40 MP: 6/8
  2650 | D:3      | Found Nali's Antique Armour Boutique.
  2983 | D:4      | Received a gift from Nemelex Xobeh
  3007 | D:4      | Found the +10 dark maul {vorpal}
  3186 | D:4      | Reached skill level 6 in Unarmed Combat
  3541 | D:4      | Found a glowing silver altar of Zin.
  3568 | D:4      | Found a hide-covered altar of Uskayaw.
  3573 | D:4      | Noticed Edmund
  3753 | D:5      | Entered Level 5 of the Dungeon
  3768 | D:5      | Noticed an orc warrior
  4073 | D:5      | Reached skill level 1 in Invocations
  4073 | D:5      | Noticed an ice beast
  4082 | D:5      | Killed an ice beast
  4083 | D:5      | Reached XP level 6. HP: 12/47 MP: 9/9
  4400 | D:5      | Identified the +9 spear of Daic Sut {protect, rF+ Str+3}
  4406 | D:5      | Killed an orc warrior
  4590 | D:5      | Found a transporter.
  4603 | D:5      | Found a one-way gate to the infinite horrors of the Abyss.
  4605 | D:5      | Reached ** piety under Nemelex Xobeh
  4605 | D:5      | Received a gift from Nemelex Xobeh
  4607 | D:5      | Noticed a small abomination
  4616 | D:5      | Found a staircase to the Ecumenical Temple.
  4621 | D:5      | Noticed turdburglar's ghost (novice TrGl)
  4718 | D:5      | Found an iron altar of Okawaru.
  4785 | D:6      | Learned a level 2 spell: Wereblood
  4789 | D:6      | Learned a level 3 spell: Spider Form
  4873 | D:6      | Reached skill level 5 in Transmutations
  4873 | D:6      | Your scales start taking on a golden yellow colour.
  4873 | D:6      | Reached XP level 7. HP: 50/52 MP: 5/10
  4873 | D:6      | Gained mutation: You are resistant to acid. (rCorr) [Yellow
                  | Draconian growth]
  4967 | D:6      | Slain by an orc warrior

Illustrated notes

Levels and vault maps discovered:
D:1:      dpeg_arrival_shelter, layout_rooms
D:2:      layout_basic, serial_shops, shop, nicolae_square_shop, shop_statue,
          nicolae_shop_stone, nicolae_shop_advertising_works
          [nicolae_subvault_shop_adworks]
D:3:      layout_loops_corners, chequers_temple_overflow_statue_of_worship,
          serial_shops, nicolae_shop_waterfront, shapermc_ecumenical_altar_gd
D:4:      layout_cave_pools, mainiacjoe_overflow_six_doors_small,
          lemuel_crystal_altar, minmay_misc_feat_tiny, uniq_edmund
D:5:      layout_cave_pools, okawaru_metal_pillars_1_2, lemuel_tele_altar,
          minmay_temple_entry_statues_pillars, gammafunk_ghost_abyssal_escape
D:6:      layout_layer_cave, nicolae_dithmenos_shadow_blocks,
          grunt_temple_overflow_growth_and_decay, minmay_misc_feat_plants,
          hangedman_decor_peaks_small, sigmund_army

Skill      XL: |  1  2  3  4  5  6 |
---------------+-------------------+-----
Unarmed Combat | 4 5 6 |  6.1
Invocations    | 2 |  2.0
Transmutations | 3 5 |  5.0
Fighting       | |  1.4
Dodging        | |  1.9
Spellcasting   | |  2.1

Action                   |  1- 3 |  4- 6 |  7- 9 || total
-------------------------+-------+-------+-------++-------
Melee: Unarmed           |    83 |   172 |     2 ||   257
       Kick              |    11 |    12 |       ||    23
       Tailslap          |     8 |    17 |       ||    25
       Headbutt          |     6 |     7 |       ||    13
       Punch             |       |     4 |       ||     4
Throw: Dart              |       |     1 |       ||     1
       Boomerang         |       |     1 |       ||     1
 Cast: Beastly Appendage |    14 |    11 |       ||    25
       Wereblood         |       |     1 |     1 ||     2
Invok: Draw Destruction  |       |     7 |     2 ||     9
       Draw Summoning    |       |     1 |       ||     1
  Use: Scroll            |       |     6 |       ||     6
Armor: Skin              |    33 |    54 |       ||    87
Dodge: Dodged            |    83 |   135 |     2 ||   220
